AoeStats
← 客官

Nomad

507931729Analyzed
4v4 RM · 13d ago on Sep 20, 2026· 24m 35s· 8 players
Game mode
Random Map
Map size
231×231
Population
200
Speed
Normal
Resources
Standard
Victory
Conquest
Starting age
Dark Age
Ending age
Imperial Age
RankedLock teamsTeams togetherTeam positionsShared explorationLock speedFull tech treeHidden civsTurbo modeCheats
Victory
Defeat
🇨🇳 Magyars · China
1357
+13
🇦🇷 Malians · Argentina
1277
+16
🇹🇼 Poles · Taiwan
1214
+19
🇻🇳 Celts · Vietnam
1126
+22
🇨🇳 Spanish · China
1301
-19
1292
-18
🇨🇳 Japanese · China
1275
-17
🇨🇳 Persians · China
1247
-16
安逸
6:28 Loom
14:02 Feudal Age
15:58 Double-Bit Axe
16:39 Gold Mining
19:03 Castle Age
18:54 Wheelbarrow
18:14 Fletching
18:25 Padded Archer Armor
19:25 Bloodlines
TheQuickBrownFoxJumpsOverLazyDog
10:19 Loom
12:27 Loom
23:33 Feudal Age
StableZM
4:59 Loom
13:49 Feudal Age
14:48 Town Watch
17:27 Castle Age
17:31 Double-Bit Axe
19:27 Bow Saw
19:00 Horse Collar
20:00 Fletching
20:40 Bodkin Arrow
凯里小风风
7:13 Loom
14:05 Feudal Age
14:41 Double-Bit Axe
16:26 Fletching
17:21 Horse Collar
22:12 Castle Age
20:26 Gold Mining
23:20 Wheelbarrow
22:59 Medium Warships
23:03 Town Watch
23:50 Stone Mining
24:12 Bow Saw
24:17 Bodkin Arrow
MemeManVai
3:14 Loom
12:45 Feudal Age
13:18 Double-Bit Axe
18:35 Castle Age
17:40 Forging
18:52 Scale Barding Armor
22:41 Wheelbarrow
22:32 Fletching
23:18 Iron Casting
客官
5:35 Loom
12:27 Feudal Age
16:19 Castle Age
14:35 Double-Bit Axe
15:37 Horse Collar
16:44 Scale Barding Armor
17:31 Town Watch
18:24 Wheelbarrow
17:57 Husbandry
19:36 Town Watch
20:27 Bloodlines
23:24 Gold Mining
23:39 Stone Mining
24:51 Bow Saw
King Nothing
6:18 Loom
14:14 Feudal Age
15:18 Double-Bit Axe
15:50 Fletching
22:09 Wheelbarrow
23:39 Wheelbarrow
bimurock
5:10 Loom
16:27 Feudal Age
17:58 Wheelbarrow
17:19 Double-Bit Axe
20:34 Castle Age
18:29 Fishing Lines
19:24 Fletching
19:36 Gold Mining
19:36 Stone Mining
19:44 Stone Mining
19:40 Horse Collar
20:44 Bloodlines
21:35 Medium Warships
22:04 Bow Saw
25:27 Hand Cart
Connection lost

Rejoining the realm…

Still unreachable

The connection could not be restored.

Session expired

The server has moved on; the page needs a fresh start.